[ AOE2 MATCH · #459754604 ]
Team RMPortuguese vs Turks
[ REPLAY ANALYSIS · EXTRACTED FROM THE RECORDED GAME ]
Feudal
11:30
Castle
15:31
Imperial
30:03
| APM avg | 21.7 |
| APM peak | 47 |
| eAPM avg | 12.1 |
| Villagers / military | 151 / 80 |
Focus
⚔️ 21.7% · 🌾 78.3%
Knight ×68 · Fishing Ship ×11 · Organ Gun ×6 · Trade Cart ×5 · Trebuchet (Packed) ×3 · Fire Galley ×2
Feudal
12:48
Castle
16:27
Imperial
20:48
| APM avg | 37.4 |
| APM peak | 115 |
| eAPM avg | 16.3 |
| Villagers / military | 94 / 174 |
Focus
⚔️ 31.1% · 🌾 68.9%
Hand Cannoneer ×151 · Bombard Cannon ×20 · Monk ×2 · Transport Ship ×1
Feudal
11:25
Castle
16:30
Imperial
32:42
| APM avg | 18.5 |
| APM peak | 37 |
| eAPM avg | 11.6 |
| Villagers / military | 81 / 127 |
Focus
⚔️ 28.3% · 🌾 71.7%
Longboat ×71 · Fishing Ship ×47 · Archer ×45 · Cannon Galleon ×8 · Transport Ship ×3 · Trade Cart ×2
Feudal
11:07
Castle
16:39
Imperial
44:01
| APM avg | 26.9 |
| APM peak | 58 |
| eAPM avg | 15.2 |
| Villagers / military | 62 / 91 |
Focus
⚔️ 35.9% · 🌾 64.1%
Bolas Rider ×49 · Fire Galley ×11 · Battering Ram ×11 · Spearman ×7 · Mangonel ×6 · Fishing Ship ×6
Match map
Initial resources + every placement click. Lines = walls · curves = elevation contours. ◆ gold · ⬟ stone · ● berries · ✦ relic · ◌ wall gap
Your base· ✓ Map-separated
SAFT's base· ✓ Map-separated
chrske's base· ✓ Map-separated
Feioso's base· ✓ Map-separated
Smoothed initial terrain · ◌ = detected wall gap · hover for details
Inputs per minute
— swiftarcher2 - - SAFT
Build order — swiftarcher2
First 150 of 320 actions detected
| 0:01 | Create | Villager (Male) |
| 0:01 | Create | Villager (Male) |
| 0:01 | Create | Villager (Male) |
| 0:02 | Create | Villager (Male) |
| 0:03 | Build | House |
| 0:05 | Build | House |
| 1:29 | Create | Villager (Male) |
| 1:29 | Create | Villager (Male) |
| 1:49 | Build | Lumber Camp |
| 1:51 | Create | Villager (Male) |
| 1:52 | Create | Villager (Male) |
| 2:33 | Create | Villager (Male) |
| 2:33 | Create | Villager (Male) |
| 2:57 | Create | Villager (Male) |
| 3:19 | Create | Villager (Male) |
| 3:47 | Create | Villager (Male) |
| 4:03 | Build | House |
| 4:10 | Create | Villager (Male) |
| 4:11 | Create | Villager (Male) |
| 4:26 | Build | Dock |
| 4:47 | Create | Villager (Male) |
| 4:48 | Create | Villager (Male) |
| 4:57 | Create | Villager (Male) |
| 4:57 | Create | Villager (Male) |
| 5:06 | Create | Fishing Ship |
| 5:12 | Build | House |
| 5:26 | Create | Villager (Male) |
| 5:42 | Create | Fishing Ship |
| 6:13 | Build | Mining Camp |
| 6:18 | Create | Villager (Male) |
| 6:18 | Create | Villager (Male) |
| 6:43 | Create | Villager (Male) |
| 6:43 | Create | Villager (Male) |
| 7:00 | Create | Fishing Ship |
| 7:15 | Build | House |
| 7:22 | Create | Villager (Male) |
| 7:39 | Create | Villager (Male) |
| 7:46 | Create | Fishing Ship |
| 8:28 | Create | Villager (Male) |
| 8:39 | Create | Villager (Male) |
| 8:42 | Create | Fishing Ship |
| 8:46 | Create | Villager (Male) |
| 8:49 | Build | House |
| 9:11 | Create | Villager (Male) |
| 9:20 | Research | Feudal Age |
| 9:25 | Create | Fishing Ship |
| 9:26 | Create | Villager (Male) |
| 9:58 | Build | Mill |
| 10:22 | Create | Fishing Ship |
| 10:53 | Build | House |
| 11:05 | Create | Villager (Male) |
| 11:21 | Create | Fishing Ship |
| 11:30 | Age | Feudal Age |
| 11:46 | Build | Market |
| 12:19 | Build | Blacksmith |
| 12:26 | Create | Villager (Male) |
| 12:35 | Research | Castle Age |
| 12:49 | Create | Fishing Ship |
| 13:25 | Build | Mining Camp |
| 13:47 | Research | Fletching |
| 13:48 | Research | Forging |
| 13:51 | Create | Fishing Ship |
| 14:02 | Build | House |
| 14:06 | Create | Villager (Male) |
| 14:08 | Research | Double-Bit Axe |
| 14:44 | Create | Villager (Male) |
| 15:10 | Build | Lumber Camp |
| 15:16 | Create | Trade Cart |
| 15:20 | Create | Villager (Male) |
| 15:21 | Create | Villager (Male) |
| 15:31 | Age | Castle Age |
| 15:36 | Create | Villager (Male) |
| 15:43 | Build | Dock |
| 16:03 | Create | Villager (Male) |
| 16:15 | Build | House |
| 16:53 | Build | Town Center |
| 16:57 | Create | Villager (Male) |
| 16:58 | Create | Villager (Male) |
| 17:11 | Create | Trade Cart |
| 17:14 | Create | Villager (Male) |
| 17:28 | Create | Fishing Ship |
| 17:43 | Build | Dock |
| 17:46 | Create | Villager (Male) |
| 17:54 | Build | Farm |
| 17:57 | Create | Villager (Male) |
| 18:07 | Create | Villager (Male) |
| 18:08 | Create | Villager (Male) |
| 18:09 | Create | Villager (Male) |
| 18:16 | Research | Wheelbarrow |
| 18:17 | Research | Loom |
| 18:18 | Create | Villager (Male) |
| 18:29 | Create | Trade Cart |
| 18:30 | Create | Villager (Male) |
| 18:31 | Create | Villager (Male) |
| 18:43 | Build | Farm |
| 18:48 | Build | Farm |
| 18:49 | Create | Villager (Male) |
| 18:49 | Create | Villager (Male) |
| 19:07 | Create | Transport Ship |
| 19:08 | Create | Villager (Male) |
| 19:09 | Create | Villager (Male) |
| 19:22 | Create | Villager (Male) |
| 19:23 | Create | Villager (Male) |
| 19:29 | Build | House |
| 19:33 | Create | Villager (Male) |
| 19:54 | Create | Villager (Male) |
| 19:54 | Create | Villager (Male) |
| 19:57 | Build | Farm |
| 20:02 | Build | Farm |
| 20:03 | Build | Farm |
| 20:04 | Create | Villager (Male) |
| 20:05 | Create | Villager (Male) |
| 20:13 | Build | Town Center |
| 20:17 | Create | Villager (Male) |
| 20:20 | Build | Farm |
| 20:36 | Create | Fire Galley |
| 20:37 | Create | Fire Galley |
| 20:43 | Build | House |
| 21:05 | Create | Villager (Male) |
| 21:06 | Create | Villager (Male) |
| 21:10 | Build | Farm |
| 21:12 | Build | Farm |
| 21:16 | Build | Farm |
| 21:17 | Build | Farm |
| 21:19 | Create | Villager (Male) |
| 21:19 | Create | Villager (Male) |
| 21:49 | Create | Villager (Male) |
| 21:50 | Create | Villager (Male) |
| 21:50 | Create | Villager (Male) |
| 21:53 | Research | Scale Mail Armor |
| 21:55 | Research | Iron Casting |
| 22:17 | Build | Castle |
| 22:21 | Create | Villager (Male) |
| 22:21 | Create | Villager (Male) |
| 22:26 | Build | House |
| 22:28 | Create | Villager (Male) |
| 22:29 | Create | Villager (Male) |
| 22:32 | Build | Farm |
| 22:33 | Build | Farm |
| 22:35 | Create | Villager (Male) |
| 22:35 | Create | Villager (Male) |
| 22:52 | Research | Hand Cart |
| 23:16 | Build | Farm |
| 23:17 | Build | Farm |
| 23:19 | Build | Farm |
| 23:21 | Build | Farm |
| 23:24 | Research | Horse Collar |
| 23:27 | Create | Trade Cart |
| 23:27 | Create | Trade Cart |
| 23:28 | Create | Villager (Male) |
Build order — SAFT
First 150 of 307 actions detected
| 0:01 | Create | Villager (Male) ×4 |
| 0:02 | Build | House |
| 0:04 | Build | House |
| 1:32 | Create | Villager (Male) |
| 1:32 | Create | Villager (Male) |
| 1:46 | Build | Lumber Camp |
| 1:51 | Create | Villager (Male) |
| 1:51 | Create | Villager (Male) |
| 1:51 | Create | Villager (Male) |
| 2:26 | Create | Villager (Male) |
| 2:27 | Create | Villager (Male) |
| 2:54 | Create | Villager (Male) |
| 2:54 | Create | Villager (Male) |
| 3:13 | Create | Villager (Male) |
| 3:13 | Create | Villager (Male) |
| 3:39 | Create | Villager (Male) |
| 3:39 | Create | Villager (Male) |
| 3:58 | Build | House |
| 4:23 | Create | Villager (Male) |
| 4:23 | Create | Villager (Male) |
| 4:32 | Build | Mill |
| 4:47 | Create | Villager (Male) |
| 4:48 | Create | Villager (Male) |
| 4:48 | Create | Villager (Male) |
| 5:21 | Create | Villager (Male) |
| 5:22 | Create | Villager (Male) |
| 5:36 | Create | Villager (Male) |
| 5:37 | Create | Villager (Male) |
| 5:52 | Build | House |
| 5:53 | Build | House |
| 6:03 | Create | Villager (Male) |
| 6:04 | Create | Villager (Male) |
| 6:34 | Create | Villager (Male) |
| 6:34 | Create | Villager (Male) |
| 6:38 | Create | Villager (Male) |
| 6:38 | Create | Villager (Male) |
| 6:56 | Create | Villager (Male) |
| 7:05 | Create | Villager (Male) |
| 7:06 | Create | Villager (Male) |
| 7:06 | Create | Villager (Male) |
| 7:06 | Create | Villager (Male) |
| 7:07 | Create | Villager (Male) |
| 8:27 | Create | Villager (Male) |
| 8:30 | Create | Villager (Male) |
| 9:05 | Build | Mining Camp |
| 10:18 | Research | Feudal Age |
| 11:45 | Build | House |
| 12:31 | Build | Farm |
| 12:31 | Build | Farm |
| 12:31 | Build | Farm |
| 12:48 | Age | Feudal Age |
| 12:50 | Build | Blacksmith |
| 12:53 | Build | Market |
| 12:57 | Create | Villager (Male) |
| 12:57 | Create | Villager (Male) |
| 13:23 | Build | Farm |
| 13:23 | Build | Farm |
| 13:24 | Build | Farm |
| 13:24 | Build | Farm |
| 13:24 | Build | Farm |
| 13:24 | Build | Farm |
| 13:24 | Build | Farm |
| 13:25 | Build | Farm |
| 13:25 | Build | Farm |
| 13:25 | Build | Farm |
| 13:25 | Build | Farm |
| 13:25 | Build | Farm |
| 13:25 | Build | Farm |
| 13:26 | Build | Farm |
| 13:41 | Research | Castle Age |
| 13:41 | Research | Castle Age |
| 13:56 | Research | Double-Bit Axe |
| 14:14 | Build | Farm |
| 14:17 | Build | Farm |
| 14:17 | Build | Farm |
| 14:17 | Build | Farm |
| 14:18 | Build | Farm |
| 14:22 | Research | Gold Mining |
| 14:31 | Build | House |
| 14:33 | Build | House |
| 14:38 | Create | Villager (Male) |
| 14:38 | Create | Villager (Male) |
| 14:56 | Build | Farm |
| 14:56 | Build | Farm |
| 15:08 | Build | Farm |
| 16:27 | Age | Castle Age |
| 16:30 | Build | Siege Workshop |
| 16:44 | Build | Monastery |
| 17:38 | Research | Imperial Age |
| 18:22 | Research | Gold Shaft Mining |
| 18:33 | Research | Bow Saw |
| 18:34 | Research | Bow Saw |
| 19:02 | Build | Dock |
| 19:25 | Create | Villager (Male) |
| 19:25 | Create | Villager (Male) |
| 19:34 | Research | Horse Collar |
| 19:37 | Create | Monk |
| 19:56 | Create | Transport Ship |
| 20:48 | Age | Imperial Age |
| 21:09 | Build | Barracks |
| 21:33 | Build | Farm |
| 21:37 | Create | Villager (Male) |
| 21:37 | Create | Villager (Male) |
| 21:37 | Create | Villager (Male) |
| 21:38 | Create | Villager (Male) |
| 21:38 | Create | Villager (Male) |
| 21:39 | Create | Villager (Male) |
| 21:39 | Create | Villager (Male) |
| 21:39 | Create | Villager (Male) |
| 22:08 | Build | Archery Range |
| 22:23 | Build | Archery Range |
| 22:25 | Build | Archery Range |
| 22:56 | Build | Farm |
| 23:23 | Create | Hand Cannoneer |
| 23:23 | Create | Hand Cannoneer |
| 23:30 | Build | Siege Workshop |
| 23:36 | Create | Hand Cannoneer |
| 23:36 | Create | Hand Cannoneer |
| 23:39 | Research | Padded Archer Armor |
| 23:55 | Build | House |
| 23:56 | Build | House |
| 23:57 | Build | House |
| 23:57 | Build | House |
| 23:57 | Build | House |
| 23:57 | Build | House |
| 24:13 | Create | Hand Cannoneer |
| 24:14 | Create | Hand Cannoneer |
| 24:17 | Build | House |
| 24:28 | Research | Leather Archer Armor |
| 24:39 | Build | Farm |
| 24:39 | Build | Farm |
| 24:39 | Build | Farm |
| 24:40 | Build | Farm |
| 24:40 | Build | Farm |
| 24:40 | Build | Farm |
| 24:41 | Build | Farm |
| 24:53 | Create | Hand Cannoneer |
| 24:53 | Create | Hand Cannoneer |
| 24:53 | Create | Hand Cannoneer |
| 24:53 | Create | Hand Cannoneer |
| 24:53 | Create | Hand Cannoneer |
| 24:54 | Create | Hand Cannoneer |
| 24:54 | Create | Hand Cannoneer |
| 24:54 | Create | Hand Cannoneer |
| 24:54 | Create | Hand Cannoneer |
| 24:54 | Create | Hand Cannoneer |
| 25:25 | Create | Hand Cannoneer |
| 25:25 | Create | Hand Cannoneer |
| 25:30 | Build | Archery Range |
| 25:47 | Create | Hand Cannoneer |
Build order — chrske
First 150 of 278 actions detected
| 0:02 | Build | House |
| 0:03 | Create | Villager (Male) |
| 0:04 | Create | Villager (Male) |
| 0:04 | Create | Villager (Male) |
| 0:04 | Create | Villager (Male) |
| 0:05 | Create | Villager (Male) |
| 0:11 | Build | House |
| 1:26 | Research | Loom |
| 1:26 | Research | Loom |
| 1:37 | Create | Villager (Male) |
| 1:38 | Create | Villager (Male) |
| 1:56 | Build | Lumber Camp |
| 2:05 | Create | Villager (Male) |
| 2:05 | Create | Villager (Male) |
| 2:31 | Create | Villager (Male) |
| 2:32 | Create | Villager (Male) |
| 2:43 | Research | Loom |
| 3:01 | Create | Villager (Male) |
| 3:01 | Create | Villager (Male) |
| 3:13 | Build | House |
| 3:14 | Build | House |
| 3:19 | Create | Villager (Male) |
| 3:19 | Create | Villager (Male) |
| 3:56 | Create | Villager (Male) |
| 3:56 | Create | Villager (Male) |
| 4:21 | Create | Villager (Male) |
| 4:50 | Build | Dock |
| 4:59 | Create | Villager (Male) |
| 4:59 | Create | Villager (Male) |
| 4:59 | Create | Villager (Male) |
| 5:00 | Create | Villager (Male) |
| 5:29 | Create | Fishing Ship |
| 5:29 | Create | Fishing Ship |
| 5:42 | Create | Villager (Male) |
| 5:42 | Create | Villager (Male) |
| 5:49 | Create | Fishing Ship |
| 6:09 | Create | Villager (Male) |
| 6:09 | Create | Villager (Male) |
| 6:10 | Create | Villager (Male) |
| 6:45 | Create | Fishing Ship |
| 7:04 | Build | House |
| 7:05 | Build | House |
| 7:09 | Create | Villager (Male) |
| 7:10 | Create | Villager (Male) |
| 7:10 | Create | Villager (Male) |
| 7:10 | Create | Villager (Male) |
| 7:33 | Create | Fishing Ship |
| 7:44 | Create | Villager (Male) |
| 8:18 | Create | Fishing Ship |
| 8:18 | Create | Fishing Ship |
| 9:07 | Research | Feudal Age |
| 9:18 | Build | Dock |
| 9:38 | Create | Fishing Ship |
| 9:38 | Create | Fishing Ship |
| 10:10 | Build | Mill |
| 10:29 | Build | House |
| 10:35 | Build | House |
| 11:02 | Build | Mining Camp |
| 11:15 | Create | Villager (Male) |
| 11:15 | Create | Villager (Male) |
| 11:25 | Age | Feudal Age |
| 11:28 | Research | Double-Bit Axe |
| 11:42 | Research | Tech 906 |
| 12:02 | Create | Villager (Male) |
| 12:16 | Build | Blacksmith |
| 12:33 | Create | Villager (Male) |
| 13:01 | Build | Market |
| 13:10 | Build | Stone Wall |
| 13:13 | Build | Stone Wall |
| 13:15 | Build | Stone Wall |
| 13:19 | Build | Stone Wall |
| 13:25 | Create | Villager (Male) |
| 13:29 | Create | Fishing Ship |
| 13:29 | Create | Fishing Ship |
| 13:41 | Research | Castle Age |
| 13:51 | Research | Gold Mining |
| 14:19 | Build | Dock |
| 14:46 | Build | Dock |
| 15:04 | Research | Fletching |
| 15:05 | Research | Padded Archer Armor |
| 15:16 | Create | Fishing Ship |
| 15:16 | Create | Fishing Ship |
| 15:17 | Create | Fishing Ship |
| 15:49 | Build | Dock |
| 15:56 | Create | Fishing Ship |
| 15:56 | Create | Fishing Ship |
| 16:22 | Create | Villager (Male) |
| 16:22 | Create | Villager (Male) |
| 16:23 | Create | Villager (Male) |
| 16:23 | Create | Villager (Male) |
| 16:30 | Age | Castle Age |
| 16:33 | Create | Longboat |
| 16:33 | Create | Longboat |
| 17:07 | Build | Town Center |
| 17:13 | Research | Bow Saw |
| 17:22 | Build | House |
| 17:23 | Build | House |
| 17:23 | Build | House |
| 17:23 | Build | House |
| 18:07 | Build | Town Center |
| 18:11 | Create | Villager (Male) |
| 18:12 | Create | Villager (Male) |
| 18:17 | Create | Longboat |
| 18:17 | Create | Longboat |
| 18:27 | Create | Longboat |
| 18:27 | Create | Longboat |
| 18:39 | Create | Villager (Male) |
| 18:39 | Create | Villager (Male) |
| 18:39 | Create | Villager (Male) |
| 18:49 | Create | Longboat |
| 18:49 | Create | Longboat |
| 18:49 | Create | Longboat |
| 18:55 | Create | Longboat |
| 18:56 | Create | Longboat |
| 18:59 | Create | Villager (Male) |
| 18:59 | Create | Villager (Male) |
| 18:59 | Create | Villager (Male) |
| 19:23 | Create | Longboat ×4 |
| 19:23 | Create | Longboat ×4 |
| 19:26 | Create | Villager (Male) |
| 19:27 | Create | Villager (Male) |
| 19:28 | Create | Villager (Male) |
| 19:28 | Create | Villager (Male) |
| 19:43 | Create | Longboat |
| 19:43 | Create | Longboat |
| 19:51 | Build | House |
| 19:51 | Build | House |
| 19:51 | Build | House |
| 19:52 | Build | House |
| 19:52 | Build | House |
| 20:00 | Create | Villager (Male) |
| 20:07 | Create | Fishing Ship |
| 20:07 | Create | Fishing Ship |
| 20:12 | Create | Fishing Ship |
| 20:12 | Create | Fishing Ship |
| 20:24 | Research | Gillnets |
| 20:35 | Create | Longboat |
| 20:35 | Create | Longboat |
| 20:53 | Build | University |
| 21:02 | Create | Villager (Male) |
| 21:03 | Create | Villager (Male) |
| 21:03 | Create | Villager (Male) |
| 21:04 | Create | Villager (Male) |
| 21:18 | Build | Dock |
| 21:28 | Create | Longboat ×5 |
| 21:28 | Create | Longboat ×5 |
| 21:50 | Create | Villager (Male) |
| 21:50 | Create | Villager (Male) |
| 21:50 | Create | Villager (Male) |
| 21:59 | Research | Ballistics |
Build order — Feioso
First 150 of 262 actions detected
| 0:03 | Create | Villager (Male) |
| 0:04 | Create | Villager (Male) |
| 0:04 | Create | Villager (Male) |
| 0:04 | Create | Villager (Male) |
| 0:04 | Create | Villager (Male) |
| 0:08 | Build | House |
| 0:13 | Build | House |
| 1:33 | Create | Villager (Male) |
| 1:58 | Create | Villager (Male) |
| 1:58 | Create | Villager (Male) |
| 2:40 | Create | Villager (Male) |
| 2:41 | Create | Villager (Male) |
| 2:51 | Build | Settlement |
| 3:03 | Create | Villager (Male) |
| 3:03 | Create | Villager (Male) |
| 3:59 | Create | Villager (Male) |
| 3:59 | Create | Villager (Male) |
| 4:48 | Create | Villager (Male) |
| 4:48 | Create | Villager (Male) |
| 4:57 | Create | Villager (Male) |
| 5:35 | Build | House |
| 5:47 | Create | Villager (Male) |
| 5:47 | Create | Villager (Male) |
| 6:04 | Create | Villager (Male) |
| 7:11 | Create | Villager (Male) |
| 7:25 | Build | Dock |
| 7:28 | Create | Villager (Male) |
| 7:46 | Build | House |
| 8:05 | Create | Fishing Ship |
| 8:17 | Create | Villager (Male) |
| 8:53 | Create | Villager (Male) |
| 8:57 | Research | Feudal Age |
| 9:12 | Build | Settlement |
| 9:16 | Create | Fishing Ship |
| 9:17 | Create | Fishing Ship |
| 10:09 | Create | Villager (Male) |
| 10:09 | Create | Villager (Male) |
| 10:40 | Build | Dock |
| 11:07 | Age | Feudal Age |
| 11:15 | Build | Barracks |
| 11:26 | Create | Fire Galley |
| 11:48 | Create | Villager (Male) |
| 12:23 | Create | Villager (Male) |
| 12:40 | Build | Archery Range |
| 12:45 | Create | Villager (Male) |
| 13:00 | Build | Blacksmith |
| 13:18 | Research | Double-Bit Axe |
| 13:28 | Create | Villager (Male) |
| 13:33 | Create | Villager (Male) |
| 13:40 | Create | Fishing Ship |
| 13:59 | Research | Castle Age |
| 14:15 | Create | Unit 2550 |
| 14:24 | Build | House |
| 14:44 | Build | House |
| 14:59 | Build | Outpost |
| 15:05 | Build | Outpost |
| 15:07 | Build | Outpost |
| 15:25 | Build | Settlement |
| 15:53 | Research | Loom |
| 16:10 | Create | Spearman |
| 16:31 | Build | Outpost |
| 16:36 | Build | Outpost |
| 16:39 | Age | Castle Age |
| 16:45 | Create | Fishing Ship |
| 16:51 | Research | Tech 906 |
| 17:13 | Build | Outpost |
| 17:15 | Create | Villager (Male) |
| 17:29 | Build | Town Center |
| 17:36 | Create | Fire Galley |
| 17:36 | Create | Fire Galley |
| 17:46 | Research | Town Watch |
| 17:52 | Create | Bolas Rider |
| 17:52 | Create | Bolas Rider |
| 18:09 | Create | Villager (Male) |
| 18:15 | Research | Horse Collar |
| 18:16 | Research | Bow Saw |
| 18:26 | Create | Fishing Ship |
| 18:47 | Build | Dock |
| 19:32 | Research | Wheelbarrow |
| 19:40 | Research | Tech 905 |
| 19:45 | Research | Gillnets |
| 19:56 | Create | Villager (Male) |
| 19:56 | Create | Villager (Male) |
| 20:44 | Create | Villager (Male) |
| 20:44 | Create | Villager (Male) |
| 20:44 | Create | Villager (Male) |
| 21:14 | Create | Fire Galley |
| 21:15 | Create | Fire Galley |
| 21:15 | Create | Fire Galley |
| 21:22 | Create | Villager (Male) |
| 21:22 | Create | Villager (Male) |
| 21:45 | Build | Town Center |
| 22:00 | Create | Fire Galley |
| 22:00 | Create | Fire Galley |
| 22:17 | Build | House |
| 22:22 | Build | House |
| 22:23 | Build | House |
| 22:56 | Research | Hand Cart |
| 23:02 | Research | Gold Mining |
| 23:16 | Create | Fire Galley |
| 23:16 | Create | Fire Galley |
| 23:33 | Build | Dock |
| 23:39 | Create | Villager (Male) |
| 23:39 | Create | Villager (Male) |
| 23:42 | Create | Bolas Rider |
| 23:42 | Create | Bolas Rider |
| 24:06 | Research | War Galley (upgrade) |
| 24:10 | Create | Villager (Male) |
| 24:10 | Create | Villager (Male) |
| 24:17 | Create | Villager (Male) |
| 24:20 | Research | Stone Mining |
| 24:37 | Build | Siege Workshop |
| 24:46 | Create | Fire Galley |
| 24:52 | Create | Transport Ship |
| 25:05 | Build | Dock |
| 25:36 | Create | Villager (Male) |
| 25:36 | Create | Villager (Male) |
| 25:44 | Build | Settlement |
| 25:51 | Create | Transport Ship |
| 26:02 | Create | Galley |
| 26:02 | Create | Galley |
| 26:10 | Create | Battering Ram |
| 26:13 | Create | Villager (Male) |
| 26:13 | Create | Villager (Male) |
| 26:23 | Create | Transport Ship |
| 26:34 | Create | Villager (Male) |
| 26:34 | Create | Villager (Male) |
| 26:38 | Create | Bolas Rider |
| 26:38 | Create | Bolas Rider |
| 26:47 | Research | Forging |
| 27:33 | Create | Bolas Rider |
| 27:34 | Create | Bolas Rider |
| 27:47 | Create | Battering Ram |
| 27:47 | Create | Battering Ram |
| 28:04 | Build | Siege Workshop |
| 28:36 | Build | House |
| 28:50 | Create | Mangonel |
| 28:50 | Create | Mangonel |
| 28:55 | Build | House |
| 28:58 | Build | House |
| 28:58 | Build | House |
| 29:05 | Build | House |
| 29:06 | Build | House |
| 29:38 | Build | Settlement |
| 29:47 | Build | Siege Workshop |
| 29:54 | Create | Villager (Male) |
| 29:55 | Create | Villager (Male) |
| 30:02 | Create | Mangonel |
| 30:10 | Create | Bolas Rider |
| 30:40 | Create | Battering Ram |
Match timeline
| 4:26 | swiftarcher2 · first_building Dock |
| 4:50 | chrske · first_building Dock |
| 7:25 | Feioso · first_building Dock |
| 11:07 | Feioso · age_up feudal |
| 11:15 | Feioso · first_building Barracks |
| 11:25 | chrske · age_up feudal |
| 11:30 | swiftarcher2 · age_up feudal |
| 12:40 | Feioso · first_building Archery Range |
| 12:48 | SAFT · age_up feudal |
| 13:10 | chrske · wall_segment Stone Wall x9 |
| 13:13 | chrske · wall_segment Stone Wall x9 |
| 13:15 | chrske · wall_segment Stone Wall x12 |
| 13:19 | chrske · wall_segment Stone Wall x9 |
| 13:39 | chrske · first_market_sell 100 stone |
| 14:21 | SAFT · first_market_buy 100 wood |
| 15:31 | swiftarcher2 · age_up castle |
| 16:27 | SAFT · age_up castle |
| 16:30 | SAFT · first_building Siege Workshop |
| 16:30 | chrske · age_up castle |
| 16:39 | Feioso · age_up castle |
| 16:42 | chrske · first_market_buy 100 stone |
| 16:44 | SAFT · first_building Monastery |
| 17:26 | SAFT · first_market_sell 100 stone |
| 19:02 | SAFT · first_building Dock |
| 20:48 | SAFT · age_up imperial |
| 21:09 | SAFT · first_building Barracks |
| 22:08 | SAFT · first_building Archery Range |
| 22:17 | swiftarcher2 · first_building Castle |
| 24:37 | Feioso · first_building Siege Workshop |
| 24:43 | chrske · first_building Monastery |
| 25:44 | swiftarcher2 · first_building Barracks |
| 26:38 | swiftarcher2 · first_building Stable |
| 26:45 | swiftarcher2 · first_market_buy 100 food |
| 27:52 | swiftarcher2 · tribute_sent a jugador 1 |
| 27:52 | swiftarcher2 · tribute_sent a jugador 2 |
| 27:52 | swiftarcher2 · tribute_sent a jugador 3 |
| 27:58 | chrske · first_building Castle |
| 28:50 | chrske · wall_segment Stone Wall x17 |
| 30:00 | chrske · wall_segment Stone Wall x15 |
| 30:03 | swiftarcher2 · age_up imperial |
| 30:46 | Feioso · first_building Monastery |
| 32:09 | Feioso · first_building Castle |
| 32:42 | chrske · age_up imperial |
| 37:26 | swiftarcher2 · tribute_sent a jugador 1 |
| 37:26 | swiftarcher2 · tribute_sent a jugador 2 |
| 37:26 | swiftarcher2 · tribute_sent a jugador 3 |
| 37:37 | chrske · first_building Barracks |
| 38:18 | chrske · first_building Archery Range |
| 39:42 | swiftarcher2 · tribute_sent a jugador 1 |
| 39:42 | swiftarcher2 · tribute_sent a jugador 2 |
| 39:42 | swiftarcher2 · tribute_sent a jugador 3 |
| 44:01 | Feioso · age_up imperial |
| 44:12 | swiftarcher2 · wall_segment Palisade Wall x1 |
| 48:07 | chrske · resign |
[ AI ANALYSIS · 1 CREDIT ]
What really happened in this match?
Wolo.gg analyzes every decision: build order, eco, micro, common mistakes by bracket. Personalized analysis on WhatsApp or Discord in 30 seconds.
Civ guide
Portuguese
Map guide
Team Islands
Perfil
swiftarcher2